TOP OF THE 1ST |
Williamsport Crosscutters batting - Pitching for Brooklyn Cyclones : RHP Ethan Massey
|
Pitching: RHP Ethan Massey
|
|
Batting: RHB Eddie Serna
|
0-0: Ball 1-0: Ball 2-0: SINGLE (Line Drive, 89S, EV 96.9 MPH)
|
Batting: LHB Ryan Young
|
0-0: Ball 1-0: Called Strike 1-1: Foul Ball, location: 2F 1-2: Fly out, F8 (Flyball, 78S, EV 74.4 MPH)
|
Batting: LHB Rich Kuehne
|
0-0: Ball 1-0: Swinging Strike 1-1: Called Strike 1-2: Strikes out swinging
|
Batting: LHB Jason Duda
|
0-0: Called Strike Eddie Serna steals 2nd, throwing error, E2 Eddie Serna to third 0-1: Ball 1-1: Fly out, F8 (Flyball, 8RD, EV 100.6 MPH)
|
Top of the 1st over - 0 runs, 1 hit, 1 error, 1 left on base; Williamsport 0 - Brooklyn 0 |
BOTTOM OF THE 1ST |
Brooklyn Cyclones batting - Pitching for Williamsport Crosscutters : LHP Gilg Martin
|
Pitching: LHP Gilg Martin
|
|
Batting: RHB Prabhukumar Santhanakrishnan
|
0-0: Ground out 5-3 (Groundball, 56, EV 104.4 MPH)
|
Batting: LHB Matt Baker
|
0-0: Ball 1-0: Bunt missed! 1-1: Called Strike 1-2: Foul Ball, location: 2F 1-2: Foul Ball, location: 2F 1-2: Strikes out swinging
|
Batting: RHB Mike Mathews
|
0-0: SINGLE (Groundball, 6MD, EV 102.5 MPH)
|
Batting: RHB Victor Reyes
|
0-0: Ball 1-0: 2-RUN HOME RUN (Line Drive, 7LD, EV 98.1 MPH), Distance : 381 ft
|
Batting: SHB Salvador Gomez
|
0-0: Foul Ball, location: 2F 0-1: Ball 1-1: Ball 2-1: Ball 3-1: Swinging Strike 3-2: Base on Balls
|
Batting: SHB Callum Lynch
|
0-0: Called Strike 0-1: Ball 1-1: Ball 2-1: Fly out, F8 (Line Drive, 8RD, EV 91.9 MPH)
|
Bottom of the 1st over - 2 runs, 2 hits, 0 errors, 1 left on base; Williamsport 0 - Brooklyn 2 |
TOP OF THE 2ND |
Williamsport Crosscutters batting - Pitching for Brooklyn Cyclones : RHP Ethan Massey
|
Batting: LHB Dennis French
|
0-0: Called Strike 0-1: Ball 1-1: Ground out 5-3 (Groundball, 56, EV 88.1 MPH)
|
Batting: RHB Teh-huai Jiang
|
0-0: Ball 1-0: Ball 2-0: Called Strike 2-1: Ball 3-1: Foul Ball, location: 2F 3-2: Foul Ball, location: 2F 3-2: DOUBLE (Flyball, 8RXD, EV 108.8 MPH)
|
Batting: LHB Bryant Dill
|
0-0: Ground out 4-3 (Groundball, 4D, EV 101.2 MPH) Teh-huai Jiang to third
|
Batting: RHB Allen Deschamps
|
0-0: Called Strike 0-1: Foul Ball, location: 2F 0-2: Strikes out looking
|
Top of the 2nd over - 0 runs, 1 hit, 0 errors, 1 left on base; Williamsport 0 - Brooklyn 2 |
BOTTOM OF THE 2ND |
Brooklyn Cyclones batting - Pitching for Williamsport Crosscutters : LHP Gilg Martin
|
Batting: RHB Chris Pynn
|
0-0: Fly out, F5 (Line Drive, 5, EV 65.0 MPH)
|
Batting: LHB Elmo Dreier
|
0-0: Ball 1-0: Foul Ball, location: 2F 1-1: Foul Ball, location: 2F 1-2: Ball 2-2: Foul Ball, location: 2F 2-2: Ball 3-2: Ground out 4-3 (Groundball, 4M, EV 107.5 MPH)
|
Batting: SHB Duri Chilemba
|
0-0: SOLO HOME RUN (Flyball, 8LXD, EV 115.6 MPH), Distance : 457 ft
|
Batting: RHB Prabhukumar Santhanakrishnan
|
0-0: Ball 1-0: Ball 2-0: Called Strike 2-1: Foul Ball, location: 2F 2-2: SOLO HOME RUN (Flyball, 7D, EV 96.9 MPH), Distance : 383 ft
|
Batting: LHB Matt Baker
|
0-0: Ball 1-0: Called Strike 1-1: Ball 2-1: Ball 3-1: Base on Balls
|
Batting: RHB Mike Mathews
|
0-0: Called Strike Matt Baker steals 2nd base 0-1: Ball 1-1: Ball 2-1: SINGLE (Line Drive, 34, EV 96.2 MPH) Matt Baker to third
|
Batting: RHB Victor Reyes
|
0-0: Ball 1-0: Swinging Strike 1-1: Ball 2-1: Ball 3-1: Base on Balls Mike Mathews to second
|
Batting: SHB Salvador Gomez
|
0-0: Foul Ball, location: 2F 0-1: Foul Ball, location: 2F 0-2: Foul Ball, location: 2F 0-2: SINGLE (Groundball, 6MD, EV 95.0 MPH) Matt Baker scores Mike Mathews to third Victor Reyes to second Runner from 3rd tries for Home, SAFE, throw by CF to home
|
Pitching: LHP Justin Thornton
|
|
Batting: SHB Callum Lynch
|
0-0: Ball 1-0: Swinging Strike 1-1: Ball 2-1: Called Strike 2-2: Strikes out swinging
|
Bottom of the 2nd over - 4 runs, 4 hits, 0 errors, 2 left on base; Williamsport 0 - Brooklyn 6 |
TOP OF THE 3RD |
Williamsport Crosscutters batting - Pitching for Brooklyn Cyclones : RHP Ethan Massey
|
Batting: RHB Rafael Soto
|
0-0: Ground out 4-3 (Groundball, 4MS, EV 92.5 MPH)
|
Batting: RHB Eddie Serna
|
0-0: Ball 1-0: Ball 2-0: Called Strike 2-1: SOLO HOME RUN (Flyball, 9D, EV 98.8 MPH), Distance : 365 ft
|
Batting: LHB Ryan Young
|
0-0: Ball 1-0: Called Strike 1-1: Foul Ball, location: 2F 1-2: Fly out, F5 (Line Drive, 5L, EV 65.0 MPH)
|
Batting: LHB Rich Kuehne
|
0-0: Called Strike 0-1: Called Strike 0-2: Foul Ball, location: 2F 0-2: Strikes out looking
|
Top of the 3rd over - 1 run, 1 hit, 0 errors, 0 left on base; Williamsport 1 - Brooklyn 6 |
BOTTOM OF THE 3RD |
Brooklyn Cyclones batting - Pitching for Williamsport Crosscutters : LHP Justin Thornton
|
Batting: RHB Chris Pynn
|
0-0: Ball 1-0: SINGLE (Line Drive, 8LS, EV 91.9 MPH)
|
Batting: LHB Elmo Dreier
|
0-0: Swinging Strike 0-1: Called Strike 0-2: TRIPLE (Flyball, 8RXD, EV 90.6 MPH) Chris Pynn scores
|
Batting: SHB Duri Chilemba
|
0-0: Swinging Strike 0-1: Called Strike 0-2: Ball 1-2: Ball 2-2: Foul Ball, location: 2F 2-2: Ball 3-2: Base on Balls
|
Batting: RHB Prabhukumar Santhanakrishnan
|
0-0: Ball 1-0: Called Strike 1-1: Swinging Strike 1-2: Strikes out looking
|
Batting: LHB Matt Baker
|
0-0: Fly out, F6 (Line Drive, 6, EV 71.9 MPH)
|
Batting: RHB Mike Mathews
|
0-0: Ground out 1-3 (Groundball, P, EV 68.8 MPH)
|
Bottom of the 3rd over - 1 run, 2 hits, 0 errors, 2 left on base; Williamsport 1 - Brooklyn 7 |
TOP OF THE 4TH |
Williamsport Crosscutters batting - Pitching for Brooklyn Cyclones : RHP Ethan Massey
|
Batting: LHB Jason Duda
|
0-0: Ball 1-0: Ball 2-0: Called Strike 2-1: Ball 3-1: Foul Ball, location: 2F 3-2: Foul Ball, location: 2F 3-2: Strikes out swinging
|
Batting: LHB Dennis French
|
0-0: Ball 1-0: Ball 2-0: Ground out 6-3 (Groundball, 6, EV 79.4 MPH)
|
Batting: RHB Teh-huai Jiang
|
0-0: Ball 1-0: Ball 2-0: Ball 3-0: Foul Ball, location: 2F 3-1: Called Strike 3-2: Foul Ball, location: 2F 3-2: Foul Ball, location: 2F 3-2: Strikes out looking
|
Top of the 4th over - 0 runs, 0 hits, 0 errors, 0 left on base; Williamsport 1 - Brooklyn 7 |
BOTTOM OF THE 4TH |
Brooklyn Cyclones batting - Pitching for Williamsport Crosscutters : LHP Justin Thornton
|
Batting: RHB Victor Reyes
|
0-0: Ground out 4-3 (Groundball, 4S, EV 80.0 MPH)
|
Batting: SHB Salvador Gomez
|
0-0: Ball 1-0: Swinging Strike 1-1: Ball 2-1: Foul Ball, location: 2F 2-2: Strikes out swinging
|
Batting: SHB Callum Lynch
|
0-0: Ball 1-0: Ball 2-0: Ball 3-0: Called Strike 3-1: Base on Balls
|
Batting: RHB Chris Pynn
|
0-0: Fly out, F8 (Flyball, 8LD, EV 106.2 MPH)
|
Bottom of the 4th over - 0 runs, 0 hits, 0 errors, 1 left on base; Williamsport 1 - Brooklyn 7 |
TOP OF THE 5TH |
Williamsport Crosscutters batting - Pitching for Brooklyn Cyclones : RHP Ethan Massey
|
Batting: LHB Bryant Dill
|
0-0: Ball 1-0: Foul Ball, location: 2F 1-1: SINGLE (Groundball, 56D, EV 102.5 MPH)
|
Batting: RHB Allen Deschamps
|
0-0: Ball 1-0: Foul Ball, location: 2F 1-1: Ball 2-1: Foul Ball, location: 2F 2-2: Strikes out looking
|
Batting: RHB Rafael Soto
|
0-0: Swinging Strike 0-1: Ball 1-1: Foul Ball, location: 2F 1-2: Ball 2-2: Foul Ball, location: 2F 2-2: Ball 3-2: Strikes out looking
|
Batting: RHB Eddie Serna
|
0-0: Called Strike 0-1: Fly out, F9 (Flyball, 9, EV 93.1 MPH)
|
Top of the 5th over - 0 runs, 1 hit, 0 errors, 1 left on base; Williamsport 1 - Brooklyn 7 |
BOTTOM OF THE 5TH |
Brooklyn Cyclones batting - Pitching for Williamsport Crosscutters : LHP Justin Thornton
|
Batting: LHB Elmo Dreier
|
0-0: Ground out 4-3 (Groundball, 4, EV 89.4 MPH)
|
Batting: SHB Duri Chilemba
|
0-0: Ball 1-0: Called Strike 1-1: Ball 2-1: Ground out 4-3 (Groundball, 4M, EV 95.0 MPH)
|
Batting: RHB Prabhukumar Santhanakrishnan
|
0-0: Ball 1-0: Foul Ball, location: 2F 1-1: Ball 2-1: Ground out 3-1 (Groundball, 34, EV 85.0 MPH)
|
Bottom of the 5th over - 0 runs, 0 hits, 0 errors, 0 left on base; Williamsport 1 - Brooklyn 7 |
TOP OF THE 6TH |
Williamsport Crosscutters batting - Pitching for Brooklyn Cyclones : RHP Ethan Massey
|
Batting: LHB Ryan Young
|
0-0: Ball 1-0: Ball 2-0: Foul Ball, location: 2F 2-1: Foul Ball, location: 2F 2-2: Ball 3-2: Ground out 6-3 (Groundball, 4M, EV 79.4 MPH)
|
Batting: LHB Rich Kuehne
|
0-0: Ball 1-0: Ball 2-0: Ball 3-0: Base on Balls
|
Batting: LHB Jason Duda
|
0-0: Called Strike 0-1: Swinging Strike 0-2: Ball Balk! Rich Kuehne to second 1-2: 2-RUN HOME RUN (Flyball, 89XD, EV 110.0 MPH), Distance : 410 ft
|
Batting: LHB Dennis French
|
0-0: Ball 1-0: Ground out 5-3 (Groundball, 56, EV 90.6 MPH)
|
Batting: RHB Teh-huai Jiang
|
0-0: Called Strike 0-1: Fly out, F8 (Flyball, 8RM, EV 91.2 MPH)
|
Top of the 6th over - 2 runs, 1 hit, 0 errors, 0 left on base; Williamsport 3 - Brooklyn 7 |
BOTTOM OF THE 6TH |
Brooklyn Cyclones batting - Pitching for Williamsport Crosscutters : LHP Justin Thornton
|
Batting: LHB Matt Baker
|
0-0: Ground out 5-3 (Groundball, 5, EV 90.6 MPH)
|
Batting: RHB Mike Mathews
|
0-0: SINGLE (Line Drive, 89S, EV 85.0 MPH)
|
Pitching: LHP Chad Torres
|
|
Batting: RHB Victor Reyes
|
0-0: Ball 1-0: Ball 2-0: Called Strike 2-1: Ground out 4-3 (Groundball, 34, EV 103.1 MPH) Mike Mathews to second
|
Batting: SHB Salvador Gomez
|
0-0: Called Strike 0-1: Ball 1-1: Ball 2-1: Ball 3-1: Foul Ball, location: 2F 3-2: Fly out, F6 (Line Drive, 6M, EV 67.5 MPH)
|
Bottom of the 6th over - 0 runs, 1 hit, 0 errors, 1 left on base; Williamsport 3 - Brooklyn 7 |
TOP OF THE 7TH |
Williamsport Crosscutters batting - Pitching for Brooklyn Cyclones : RHP Ethan Massey
|
Batting: LHB Bryant Dill
|
0-0: Swinging Strike 0-1: Foul Ball, location: 2F 0-2: Ball 1-2: Ball 2-2: Strikes out looking
|
Batting: RHB Allen Deschamps
|
0-0: Called Strike 0-1: Ball 1-1: SINGLE (Groundball, 56D, EV 108.1 MPH)
|
Pitching: RHP Ari Kuusinen
|
|
Batting: RHB Rafael Soto
|
0-0: Swinging Strike 0-1: Swinging Strike 0-2: Strikes out swinging
|
Batting: RHB Eddie Serna
|
0-0: Ball 1-0: Called Strike 1-1: Called Strike Allen Deschamps steals 2nd base 1-2: Foul Ball, location: 2F 1-2: Foul Ball, location: 2F 1-2: Ball 2-2: Ground out 6-3 (Groundball, 56, EV 101.2 MPH)
|
Top of the 7th over - 0 runs, 1 hit, 0 errors, 1 left on base; Williamsport 3 - Brooklyn 7 |
BOTTOM OF THE 7TH |
Brooklyn Cyclones batting - Pitching for Williamsport Crosscutters : LHP Chad Torres
|
Batting: SHB Callum Lynch
|
0-0: Ball 1-0: Swinging Strike 1-1: Ball 2-1: SINGLE (Groundball, 56D, EV 106.2 MPH)
|
Batting: RHB Chris Pynn
|
0-0: Ball 1-0: Foul Ball, location: 2F 1-1: Foul Ball, location: 2F 1-2: Foul Ball, location: 2F 1-2: Foul Ball, location: 2F 1-2: Ball 2-2: Foul Ball, location: 2F 2-2: Fielders Choice at 2nd, 6-4 (Groundball, 56, EV 97.5 MPH)
|
Pitching: RHP Dave Gomez
|
|
Batting: LHB Elmo Dreier
|
0-0: Foul Ball, location: 2F 0-1: Fly out, F8 (Flyball, 8RM, EV 79.4 MPH)
|
Batting: SHB Duri Chilemba
|
0-0: Called Strike 0-1: Ball 1-1: Called Strike 1-2: Foul Ball, location: 2F 1-2: Ground out 5-3 (Groundball, 5L, EV 86.2 MPH)
|
Bottom of the 7th over - 0 runs, 1 hit, 0 errors, 1 left on base; Williamsport 3 - Brooklyn 7 |
TOP OF THE 8TH |
Williamsport Crosscutters batting - Pitching for Brooklyn Cyclones : RHP Ari Kuusinen
|
Batting: LHB Ryan Young
|
0-0: Ball 1-0: Swinging Strike 1-1: Called Strike 1-2: Ground out 6-3 (Groundball, 4, EV 90.0 MPH)
|
Batting: LHB Rich Kuehne
|
0-0: Ball 1-0: Swinging Strike 1-1: Foul Ball, location: 2F 1-2: Ball 2-2: Ball 3-2: Foul Ball, location: 2F 3-2: Foul Ball, location: 2F 3-2: Strikes out swinging
|
Batting: LHB Jason Duda
|
0-0: SINGLE (Groundball, 34D, EV 102.5 MPH)
|
Batting: LHB Dennis French
|
0-0: Ball 1-0: Swinging Strike 1-1: Called Strike 1-2: Strikes out swinging
|
Top of the 8th over - 0 runs, 1 hit, 0 errors, 1 left on base; Williamsport 3 - Brooklyn 7 |
BOTTOM OF THE 8TH |
Brooklyn Cyclones batting - Pitching for Williamsport Crosscutters : RHP Dave Gomez
|
Batting: RHB Prabhukumar Santhanakrishnan
|
0-0: Called Strike 0-1: Ball 1-1: Called Strike 1-2: Strikes out swinging
|
Batting: LHB Matt Baker
|
0-0: DOUBLE (Line Drive, 78D, EV 105.0 MPH)
|
Batting: RHB Mike Mathews
|
0-0: Foul Ball, location: 2F 0-1: Called Strike Matt Baker steals 3rd base 0-2: DOUBLE (Line Drive, 9LD, EV 105.6 MPH) Matt Baker scores
|
Batting: RHB Victor Reyes
|
0-0: Ball 1-0: Ball 2-0: Foul Ball, location: 2F 2-1: Swinging Strike 2-2: Fly out, F8 (Flyball, 8LM, EV 92.5 MPH)
|
Batting: SHB Salvador Gomez
|
0-0: Called Strike 0-1: Ball 1-1: Ball 2-1: Foul Ball, location: 2F 2-2: Strikes out swinging
|
Bottom of the 8th over - 1 run, 2 hits, 0 errors, 1 left on base; Williamsport 3 - Brooklyn 8 |
TOP OF THE 9TH |
Williamsport Crosscutters batting - Pitching for Brooklyn Cyclones : RHP Ari Kuusinen
|
Batting: RHB Teh-huai Jiang
|
0-0: Ball 1-0: Ground out 3-1 (Groundball, 34S, EV 81.2 MPH)
|
Batting: LHB Bryant Dill
|
0-0: Ball 1-0: Foul Ball, location: 2F 1-1: Foul Ball, location: 2F 1-2: Strikes out swinging
|
Batting: RHB Allen Deschamps
|
0-0: Swinging Strike 0-1: Foul Ball, location: 2F 0-2: Foul Ball, location: 2F 0-2: Strikes out swinging
|
Top of the 9th over - 0 runs, 0 hits, 0 errors, 0 left on base; Williamsport 3 - Brooklyn 8 |
|